 Dungeon Crawl Stone Soup version 0.25.0-9-g26727b657a (webtiles) character file.

Game seed: 5567740622179982716

6248 protoss039 the Thaumaturge (level 10, -15/51 HPs)
             Began as a Deep Elf Earth Elementalist on June 21, 2020.
             Was a Follower of Sif Muna.
             Demolished by DevastatorOne's ghost (31 damage)
             ... on level 10 of the Dungeon.
             The game lasted 00:38:47 (11205 turns).

protoss039 the Thaumaturge (DEEE)                  Turns: 11205, Time: 00:38:48

Health: -15/51     AC: 13    Str:  5    XL:     10   Next: 62%
Magic:  29/30      EV: 11    Int: 24    God:    Sif Muna [*.....]
Gold:   823        SH:  0    Dex: 15    Spells: 21/38 levels left

rFire    . . .     SeeInvis +   a - staff of earth
rCold    . . .     Gourm    .   (no shield)
rNeg     . . .     Faith    .   F - +1 acid dragon scales
rPois    .         Spirit   .   r - +2 helmet {SInv}
rElec    .         Reflect  .   v - +0 cloak
rCorr    +         Harm     .   f - +0 pair of gloves
MR       +....                  y - +0 pair of boots
Stlth    ++++......             (no amulet)
HPRegen  0.17/turn              p - ring of stealth
MPRegen  0.22/turn              (no ring)

@: no status effects
A: no striking features
a: Channel Magic, Renounce Religion


You were on level 10 of the Dungeon.
You worshipped Sif Muna.
Sif Muna was aware of your devotion.
You were hungry.

You visited 2 branches of the dungeon, and saw 11 of its levels.

You collected 931 gold pieces.
You spent 108 gold pieces at shops.

Inventory:

Hand Weapons
 h - a +1 vorpal dagger
Missiles
 b - 153 stones (quivered)
Armour
 c - a +0 robe
 f - a +0 pair of gloves (worn)
 r - a +2 helmet of see invisible (worn)
 v - a +0 cloak (worn)
 y - a +0 pair of boots (worn)
 F - +1 acid dragon scales (worn)
Magical Staves
 a - an uncursed staff of earth (weapon)
 w - an uncursed staff of death {unknown}
 B - an uncursed staff of summoning {unknown}
Jewellery
 n - an uncursed ring of fire
 p - a ring of stealth (left hand)
 C - an uncursed amulet of guardian spirit
 J - a cursed amulet of inaccuracy {unknown}
Wands
 k - a wand of polymorph (14)
 u - a wand of flame (26)
Scrolls
 g - 3 scrolls of enchant weapon
 o - a scroll of amnesia
 s - 2 scrolls of brand weapon
 x - 4 scrolls of remove curse
 A - a scroll of enchant armour
 D - 3 scrolls of magic mapping
 H - a scroll of blinking
Potions
 e - 2 potions of ambrosia
 i - a potion of invisibility
 j - 2 potions of heal wounds
 l - 4 potions of curing
 m - a potion of brilliance {unknown}
 q - 3 potions of lignification
 t - a potion of mutation
 z - a potion of haste {unknown}
 I - a potion of flight {unknown}
Comestibles
 d - 18 rations


   Skills:
 + Level 0.4 Fighting
 - Level 0.3 Short Blades
 - Level 0.5 Staves
 - Level 2.4 Dodging
 + Level 5.2 Stealth
 + Level 14.5 Spellcasting
 * Level 3.9 Conjurations
 * Level 0.8 Hexes
 + Level 1.1 Transmutations
 + Level 11.2 Earth Magic


You had 21 spell levels left.
You knew the following spells:

 Your Spells              Type           Power        Failure   Level  Hunger
a - Sandblast             Erth           ######       1%          1    None
b - Passwall              Tmut/Erth      ######..     1%          2    None
c - Stone Arrow           Conj/Erth      ######       1%          3    None
d - Petrify               Tmut/Erth      ######..     6%          4    None
e - Lee's Rapid Deconstr  Erth           #######...   1%          5    ##.....
f - Slow                  Hex            ###.....     8%          2    None

Your spell library contained the following spells:

 Spells                   Type           Power        Failure   Level  Hunger
 Corona                   Hex            ###....      4%          1    None
 Leda's Liquefaction      Hex/Erth       ######....   6%          4    None
 Inner Flame              Hex/Fire       ###.....     19%         3    None
 Portal Projectile        Hex/Tloc       ###...       19%         3    None
 Cause Fear               Hex            ###.......   45%         4    None


Dungeon Overview and Level Annotations

Branches:
Dungeon (10/15)            Temple (1/1) D:5             Orc (0/2) D:9
   Lair: D:8-11

Altars:
Ashenzari
Dithmenos
Elyvilon
Fedhas
Gozag
Hepliaklqana
Kikubaaqudgha
Makhleb
Nemelex Xobeh
Okawaru
Qazlal
Ru
Sif Muna
Trog
Uskayaw
Wu Jian
Xom
Zin
The Shining One

Shops:
D:4 *   D:9 [

Annotations:
D:9 exclusions: door and 1 more exclusion
D:10 1 exclusion, DevastatorOne's ghost, journeyman TrFi


Message History

Casting: Petrify (dangerous; 6% risk of failure)
Confirm with . or Enter, or press ? or * to list all spells.
Aiming: Passwall (safe; 1% risk of failure)
Press: ? - help, Dir - move target cursor A rock wall.
You feel a surge of power!
You begin to meditate on the wall.
You continue meditating on the rock.
The bullfrog hits you. DevastatorOne's ghost hits you.
You continue meditating on the rock.
The bullfrog barely misses you. x2
DevastatorOne's ghost barely misses you.
You continue meditating on the rock.
The bullfrog hits you but does no damage.
DevastatorOne's ghost hits you!!
Ouch! That really hurt!
You continue meditating on the rock.
The bullfrog hits you but does no damage.
The bullfrog barely misses you. DevastatorOne's ghost hits you!!
Ouch! That really hurt!
You die...

#..<......................
#..............#####......
#.........##...# #......
#.........##...# #......
#.........##...# #######
#.........######
#.........# ########..#
#######@# ##.8.##WF#
#∩$$$$#G.# #8$$..c..#
#∩.8_.'..# #8$$.$'.##
#∩$$$.#.# ##.8.##.#
########


You could see an eye of draining, a bullfrog, a centaur and DevastatorOne's
ghost.

Vanquished Creatures
  Maggie (D:10)
  A troll (D:9)
  A hippogriff (D:9)
  A hungry ghost (D:10)
  Menkaure (D:4)
  Edmund (D:5)
  Duvessa (D:7)
  A water moccasin (D:5)
  4 ice beasts
  8 orc warriors
  2 phantoms
  A sky beast (D:9)
  A black bear (D:9)
  8 ogres
  2 eyes of draining
  4 centaurs
  A bullfrog (D:7)
  2 big kobolds (D:9)
  A gnoll sergeant (D:9)
  A wyvern zombie (D:6)
  Dowan (D:7)
  3 scorpions
  3 killer bees (D:7)
  12 wights
  4 howler monkeys
  A jelly (D:6)
  2 crimson imps
  2 bullfrog zombies (D:7)
  2 hounds
  A centaur zombie (D:10)
  3 orc priests
  8 orc wizards
  4 iguanas
  6 worker ants
  A killer bee zombie (D:6)
  A hound skeleton (D:4)
  A worker ant zombie (D:9)
  3 gnolls (D:9)
  11 adders
  A shadow imp (D:5)
  A worm (D:3)
  2 dart slugs (D:2)
  5 leopard geckos
  42 orcs
  9 bats
  4 giant cockroaches
  7 goblins
  7 hobgoblins
  4 jackals (D:10)
  5 kobolds
  2 quokkas
  5 frilled lizards
  A jackal skeleton (D:7)
  A leopard gecko skeleton (D:5)
  9 rats
  A butterfly (D:5)
218 creatures vanquished.

Notes
Turn   | Place    | Note
-------+----------+-------------------------------------------
     0 | D:1      | protoss039 the Deep Elf Earth Elementalist began the quest
                  | for the Orb.
     0 | D:1      | Reached XP level 1. HP: 10/10 MP: 6/6
   389 | D:1      | Reached XP level 2. HP: 13/15 MP: 8/8
  1206 | D:2      | Noticed a wight
  1206 | D:2      | Noticed a wight
  1206 | D:2      | Noticed a wight
  1220 | D:1      | Reached XP level 3. HP: 17/19 MP: 8/10
  1227 | D:1      | Learned a level 2 spell: Passwall
  1600 | D:2      | Reached skill level 4 in Spellcasting
  1600 | D:2      | Reached XP level 4. HP: 24/24 MP: 6/12
  1606 | D:2      | Reached skill level 5 in Spellcasting
  1606 | D:2      | Reached skill level 5 in Earth Magic
  1672 | D:2      | Reached XP level 5. HP: 5/28 MP: 5/14
  2370 | D:3      | Found a faded altar of an unknown god.
  2375 | D:3      | Learned a level 3 spell: Stone Arrow
  3402 | D:4      | Noticed an ogre
  3406 | D:4      | Killed an ogre
  3406 | D:4      | Reached skill level 6 in Spellcasting
  3406 | D:4      | Reached XP level 6. HP: 32/32 MP: 11/17
  3852 | D:4      | Found Siodic's Assorted Antiques.
  3857 | D:4      | Bought a scroll of identify for 36 gold pieces
  3857 | D:4      | Bought a scroll of identify for 36 gold pieces
  3857 | D:4      | Bought a scroll of identify for 36 gold pieces
  3893 | D:4      | Noticed Menkaure
  3897 | D:4      | Killed Menkaure
  3897 | D:4      | Reached skill level 7 in Spellcasting
  3897 | D:4      | Reached XP level 7. HP: 36/36 MP: 13/19
  4107 | D:4      | Learned a level 4 spell: Petrify
  4141 | D:5      | Entered Level 5 of the Dungeon
  4157 | D:5      | Found a shimmering altar of Xom.
  4546 | D:5      | Reached skill level 8 in Spellcasting
  4560 | D:5      | Found a staircase to the Ecumenical Temple.
  4561 | D:5      | Noticed Edmund
  4604 | Temple   | Entered the Ecumenical Temple
  5077 | D:5      | Killed Edmund
  5502 | D:5      | Reached skill level 9 in Spellcasting
  5502 | D:5      | Reached XP level 8. HP: 42/42 MP: 18/23
  6187 | D:6      | Learned a level 5 spell: Lee's Rapid Deconstruction
  6390 | D:6      | Found an ornate altar of the Wu Jian Council.
  6532 | D:6      | Reached skill level 1 in Conjurations
  6593 | D:6      | You fall into a shaft and drop 1 floor!
  6673 | D:7      | Reached skill level 10 in Spellcasting
  7133 | D:6      | Found a stormy altar of Qazlal.
  7481 | D:7      | Noticed Duvessa
  7481 | D:7      | Noticed Dowan
  7493 | D:7      | Killed Duvessa
  7503 | D:7      | Killed Dowan
  7590 | D:7      | Reached XP level 9. HP: 46/46 MP: 18/25
  8012 | D:7      | Reached skill level 11 in Spellcasting
  8937 | D:8      | You fall into a shaft and drop 2 floors!
  8937 | D:10     | Entered Level 10 of the Dungeon
  9014 | D:10     | Found a runed translucent gate.
  9014 | D:10     | Found a runed translucent gate.
  9014 | D:10     | Found an opulent altar of Gozag.
  9014 | D:10     | Found a runed translucent gate.
  9014 | D:10     | Noticed DevastatorOne's ghost (journeyman TrFi)
  9058 | D:10     | Noticed Maggie
  9080 | D:10     | Reached skill level 12 in Spellcasting
  9090 | D:10     | Killed Maggie
  9090 | D:10     | Reached skill level 10 in Earth Magic
  9332 | D:9      | Found a sparkling altar of Nemelex Xobeh.
  9532 | D:9      | Found a shimmering blue altar of Sif Muna.
  9551 | D:9      | Reached XP level 10. HP: 51/51 MP: 25/28
  9577 | D:9      | Became a worshipper of Sif Muna the Loreminder
  9640 | D:9      | Found a shadowy altar of Dithmenos.
  9741 | D:9      | Noticed a manticore
  9758 | D:9      | Found a shattered altar of Ashenzari.
  9956 | D:9      | Reached skill level 13 in Spellcasting
 10126 | D:9      | Found Imnec's Armour Shop.
 10140 | D:9      | Identified a scroll of acquirement
 10226 | D:9      | Reached skill level 5 in Stealth
 10245 | D:9      | Found a hazy altar of Hepliaklqana.
 10412 | D:9      | Found a staircase to the Orcish Mines.
 10419 | D:9      | Reached * piety under Sif Muna
 10419 | D:9      | Reached skill level 14 in Spellcasting
 10813 | D:10     | Learned a level 2 spell: Slow
 11205 | D:10     | Demolished by DevastatorOne's ghost

Illustrated notes

Levels and vault maps discovered:
D:1:      minmay_arrival_shattered_statue, layout_loops_corners,
          chequers_serial_rivers_micro_e
D:2:      layout_basic, first_ration
D:3:      lemuel_upstairs_altar, layout_loops_ring,
          chequers_ecumenical_altar_simple_redux, wad_floor_pattern_untrapped,
          nrook_mini_vaults, dk_noncrumbling_3, minmay_ruptured
D:4:      layout_loops_ring, serial_shops, nicolae_shop_trees, uniq_menkaure
D:5:      layout_loops_ring, xom_butterflies,
          minmay_temple_entry_statues_fountains, uniq_edmund
D:6:      cheibrodos_quashed, layout_loops_corners, old_standard_altar,
          basic_altar
D:7:      layout_cave_pods, uniq_duvessa
D:8:      layout_cave_pools, kennysheep_mini_moat,
          nicolae_overflow_hidden_temple, erik_lair_dragon, uniq_pikel
D:9:      layout_gridville, nicolae_dithmenos_through_a_glass_darkly,
          marbit_many_paths, kennysheep_mini, lemuel_doored_altar,
          lemuel_round_altar, kennysheep_orc_monster_closet_entryway,
          serial_shops, nicolae_shop_trees, blue_anna_alchemist
          [blue_anna_fruit_fields, blue_anna_fruit_fields]
D:10:     layout_basic, ebering_ghost_gozag, uniq_maggie
Temple:   minmay_temple_forest_path

Skill      XL: |  1  2  3  4  5  6  7  8  9 10 |
---------------+-------------------------------+-----
Earth Magic    | 4 5 6 7 8 10 11 | 11.2
Spellcasting   | 4 5 6 7 9 10 12 14 | 14.5
Stealth        | 3 4 5 |  5.2
Conjurations   | 2 3 |  3.9
Fighting       | |  0.4
Short Blades   | |  0.3
Staves         | |  0.5
Dodging        | |  2.4
Hexes          | |  0.8
Transmutations | |  1.1

Action                   |  1- 3 |  4- 6 |  7- 9 | 10-12 || total
-------------------------+-------+-------+-------+-------++-------
Melee: Unarmed           |    12 |       |       |       ||    12
       Dagger            |     1 |    40 |       |       ||    41
       Staff             |       |     7 |     6 |       ||    13
 Cast: Sandblast         |    30 |    56 |    76 |    26 ||   188
       Stone Arrow       |       |     6 |    81 |    21 ||   108
       Lee's Rapid Decon |       |       |     8 |    10 ||    18
       Petrify           |       |       |     1 |       ||     1
       Passwall          |       |       |       |     1 ||     1
  Use: Scroll            |       |     9 |     9 |     4 ||    22
       Potion            |       |       |     1 |       ||     1
 Stab: Sleeping          |     1 |     7 |     1 |       ||     9
       Distracted        |       |     1 |       |       ||     1
  Eat: Chunk             |     2 |     7 |    11 |     5 ||    25
       Ration            |       |       |     2 |       ||     2
Armor: Robe              |     3 |    21 |     6 |       ||    30
       Acid dragon scale |       |       |       |     4 ||     4
Dodge: Dodged            |    24 |    46 |    20 |    10 ||   100
